 Dungeon Crawl Stone Soup version 0.22-a0-75-g1fede22 (webtiles) character file.

2894 shenanigans the Skirmisher (level 9, -1/72 HPs)
             Began as a Barachi Monk on Jan 13, 2018.
             Was a Priest of Makhleb.
             Slain by a two-headed ogre
             ... wielding a +0 giant club
              (19 damage)
             ... on level 9 of the Dungeon.
             The game lasted 00:24:26 (10113 turns).

shenanigans the Skirmisher (Barachi Monk)          Turns: 10113, Time: 00:24:26

Health: -1/72      AC: 10    Str: 12    XL:     9   Next: 77%
Magic:  11/11      EV: 13    Int: 15    God:    Makhleb [***...]
Gold:   499        SH:  6    Dex: 14    Spells: 8/8 levels left

rFire    . . .     SeeInvis .   o - +1 dagger (venom)
rCold    . . .     Gourm    +   t - +0 buckler
rNeg     . . .     Faith    .   r - +0 scale mail
rPois    .         Spirit   .   (no helmet)
rElec    .         Reflect  .   p - +0 cloak
rCorr    .         Harm     .   C - +0 pair of gloves
MR       +....                  (no boots)
Stlth    +.........             D - amulet of the gourmand
HPRegen  0.22/turn              G - +1 ring of evasion
MPRegen  0.12/turn              h - ring of protection from magic

@: can't hop, slow
A: +LOS, swims, slowness 1, strong legs 1
a: Hop, Minor Destruction, Lesser Servant of Makhleb, Renounce Religion


You were on level 9 of the Dungeon.
You worshipped Makhleb.
Makhleb was most pleased with you.
You were very hungry.

You visited 2 branches of the dungeon, and saw 10 of its levels.

You collected 499 gold pieces.

Inventory:

Hand Weapons
 a - a +0 hand axe
 f - a +1 short sword of venom
 o - a +1 dagger of venom (weapon)
 s - a +1 flail of holy wrath
 F - a +0 dagger of venom
 N - a +0 war axe
Missiles
 l - 7 javelins
 n - 3 tomahawks (quivered)
Armour
 p - a +0 cloak (worn)
 r - a +0 scale mail (worn)
 t - a +0 buckler (worn)
 w - a +0 pair of gloves
 C - a +0 pair of gloves (worn)
Jewellery
 h - a ring of protection from magic (right hand)
 y - an uncursed ring of flight
 A - a +2 ring of dexterity {unknown}
 D - an amulet of the gourmand (around neck)
 G - a +1 ring of evasion (left hand)
 H - an uncursed ring of stealth {unknown}
Wands
 j - a wand of digging (14)
 q - a wand of random effects (9)
 L - a wand of iceblast (7)
 O - a wand of enslavement (9)
Scrolls
 c - 7 scrolls of remove curse
 e - 3 scrolls of teleportation {unknown}
 g - 2 scrolls of magic mapping {unknown}
 i - 2 scrolls of amnesia
 k - 2 scrolls of immolation {unknown}
 m - 4 scrolls of enchant armour {unknown}
 v - 3 scrolls of random uselessness {unknown}
 z - a scroll of enchant weapon
 E - a scroll of fog
 J - a scroll of identify
 M - 2 scrolls of summoning {unknown}
Potions
 b - 2 potions of haste
 u - 2 potions of curing
 x - a potion of might
 I - a potion of flight {unknown}
Books
 K - a book of Minor Magic

   Spells                             Type                      Level
   a - Magic Dart                     Conjuration                  1
   b - Blink                          Translocation                2
   c - Call Imp                       Summoning                    2
   d - Slow                           Hexes                        2
   e - Conjure Flame                  Conjuration/Fire             3
   f - Mephitic Cloud                 Conjuration/Poison/Air       3
Comestibles
 d - 18 rations


   Skills:
 + Level 7.3 Fighting
 + Level 6.8 Axes
 + Level 6.3 Armour
 + Level 6.9 Dodging
 - Level 1.7 Stealth
 * Level 6.9 Shields
 - Level 3.1 Invocations


You had 8 spell levels left.
You didn't know any spells.

Dungeon Overview and Level Annotations

Branches:
Dungeon (9/15)             Temple (1/1) D:4
   Lair: D:8-11         Orc: D:9-12

Altars:
Ashenzari
Dithmenos
Elyvilon
Fedhas
Hepliaklqana
Makhleb
Nemelex Xobeh
Okawaru
Ru
Sif Muna
Trog
Uskayaw
Vehumet
Xom
Zin
The Shining One

Shops:
D:4 [   D:8 %


Innate Abilities, Weirdness & Mutations

Shadows flee at your approach. (+LOS)
You can swim through water.
You cover ground slowly.
You can hop short distances.


Message History

a leather armour; an orc corpse
As you read the scroll of fear, it crumbles to dust.
You assume a fearsome visage.
The scorpion looks frightened!
The two-headed ogre looks frightened!
You feel sick.
You feel sick.
You feel sick.
You are no longer poisoned.
Found a stone staircase leading down.
You open the door.
A hippogriff comes into view.
The hippogriff screeches!
There is an open door here.
As you read the scroll of fear, it crumbles to dust.
You assume a fearsome visage.
The hippogriff looks frightened!
The two-headed ogre shouts in stereo!
Cornered, the hippogriff turns to fight!
Okay, then.
The two-headed ogre hits you with a giant club!!
You die...

### #.. #.. #.. # #
######..
#########.####.....O#
#...................#
#...........<.......'
###+##...@O..............#
#.......#######....#######
#.......#.....######......
#.......#..........#......
#.......'..........#......
#.......#..........#......
#.H.....#.........##...##.
#.......#.....##..#######)
####....#....>##........[.


You could see a two-headed ogre and a hippogriff.

Vanquished Creatures
  A troll (D:9)
  An ice beast (D:5)
  2 sky beasts
  2 orc warriors (D:8)
  A phantom (D:8)
  5 ogres
  3 centaurs
  2 big kobolds (D:8)
  A bullfrog (D:6)
  A scorpion (D:5)
  A crimson imp (D:8)
  2 jellies (D:8)
  6 orc priests
  Crazy Yiuf (D:2)
  6 hounds
  A quasit (D:7)
  8 orc wizards
  An iguana (D:8)
  A bullfrog skeleton (D:6)
  Ijyb (D:3)
  A worker ant (D:4)
  A hound skeleton (D:4)
  A worker ant zombie (D:5)
  5 gnolls
  14 adders
  2 shadow imps
  An adder zombie (D:5)
  An adder skeleton (D:5)
  3 worms (D:2)
  3 leopard geckos
  37 orcs
  2 ball pythons
  7 bats
  5 giant cockroaches
  13 goblins
  8 hobgoblins
  11 jackals
  A quokka (D:3)
  6 frilled lizards
  13 kobolds
  A leopard gecko skeleton (D:3)
  A leopard gecko zombie (D:6)
  5 rats
189 creatures vanquished.

Notes
Turn   | Place    | Note
-------+----------+-------------------------------------------
     0 | D:1      | shenanigans the Barachi Monk began the quest for the Orb.
     0 | D:1      | Reached XP level 1. HP: 18/18 MP: 1/1
   164 | D:1      | Reached XP level 2. HP: 16/25 MP: 2/2
   636 | D:2      | Reached skill level 1 in Armour
   777 | D:2      | Reached skill level 4 in Fighting
  1083 | D:2      | Reached XP level 3. HP: 30/30 MP: 3/3
  1684 | D:2      | Found a runed door.
  1721 | D:2      | Reached XP level 4. HP: 23/37 MP: 4/4
  2892 | D:2      | Noticed Crazy Yiuf
  2905 | D:2      | Killed Crazy Yiuf
  2905 | D:2      | Reached XP level 5. HP: 25/43 MP: 5/5
  3569 | D:3      | Found a white marble altar of Elyvilon.
  3625 | D:3      | Noticed Ijyb
  3681 | D:3      | Killed Ijyb
  3681 | D:3      | Reached skill level 5 in Fighting
  3681 | D:3      | Reached XP level 6. HP: 28/51 MP: 6/6
  4304 | D:4      | Found Zirph's Antique Armour Shop.
  4497 | D:4      | Found a staircase to the Ecumenical Temple.
  4541 | Temple   | Entered the Ecumenical Temple
  4630 | Temple   | Became a worshipper of Makhleb the Destroyer
  4630 | Temple   | Reached * piety under Makhleb
  4630 | Temple   | Reached ** piety under Makhleb
  4877 | D:5      | Entered Level 5 of the Dungeon
  4883 | D:5      | Reached skill level 1 in Shields
  4951 | D:5      | Noticed a sky beast
  4969 | D:5      | Killed a sky beast
  4969 | D:5      | Reached skill level 5 in Axes
  4969 | D:5      | Reached skill level 5 in Dodging
  4969 | D:5      | Reached XP level 7. HP: 40/56 MP: 7/7
  4994 | D:5      | Reached skill level 1 in Invocations
  5322 | D:5      | Found a shadowy altar of Dithmenos.
  5564 | D:5      | Reached XP level 8. HP: 45/64 MP: 9/9
  5653 | D:5      | Found an iron altar of Okawaru.
  5939 | D:5      | Reached skill level 6 in Fighting
  6702 | D:6      | Reached *** piety under Makhleb
  6735 | D:6      | Reached skill level 5 in Armour
  7026 | D:6      | Reached skill level 5 in Shields
  7234 | D:7      | Reached XP level 9. HP: 71/71 MP: 11/11
  8481 | D:8      | Found a shimmering altar of Xom.
  8481 | D:8      | Noticed an angel
  8482 | D:8      | Found a glowing silver altar of Zin.
  8613 | D:8      | HP: 3/71 [poisoned by a kobold]
  8902 | D:8      | Found Bopracwa's Food Boutique.
  9539 | D:8      | Reached skill level 7 in Fighting
 10058 | D:9      | Noticed a troll
 10076 | D:9      | Killed a troll
 10084 | D:9      | Noticed a two-headed ogre
 10113 | D:9      | Slain by a two-headed ogre

Vault maps used:
D:1:      dpeg_arrival_tiny_a, minmay_misc_feat_enclosed
D:2:      uniq_crazy_yiuf_cottage
D:3:      kennysheep_the_goblin_king, elyvilon_altar_1
D:4:      minmay_temple_entry_large_hall, serial_shops,
          nicolae_shop_statue_plus, first_ration
D:5:      grunt_temple_overflow_open, chequers_ossuary_entry_cave,
          cheibrodos_gnoll_hut, uniq_ijyb
D:8:      grunt_temple_overflow_order_and_chaos_1, serial_shops,
          nicolae_shop_crystal, grunt_pizzeria
D:9:      minmay_separated_statues, minitemple, uniq_erica
Temple:   nicolae_temple_hex_pool

Skill      XL: |  1  2  3  4  5  6  7  8  9 |
---------------+----------------------------+-----
Armour         | 1 2 3 4 5 6 |  6.3
Fighting       | 4 5 6 7 |  7.3
Dodging        | 4 5 6 |  6.9
Axes           | 4 5 6 |  6.8
Shields        | 1 3 5 6 |  6.9
Invocations    | 1 2 3 |  3.1
Stealth        | |  1.7

Action                   |  1- 3 |  4- 6 |  7- 9 || total
-------------------------+-------+-------+-------++-------
Melee: Hand axe          |   100 |    53 |       ||   153
       Dagger            |       |   218 |   435 ||   653
       Short sword       |       |       |    93 ||    93
       Flail             |       |       |    19 ||    19
 Abil: Hop               |       |     2 |     4 ||     6
Evoke: Wand              |       |       |     4 ||     4
  Use: Scroll            |       |     2 |    10 ||    12
       Potion            |       |     3 |     4 ||     7
 Stab: Distracted        |     1 |       |       ||     1
       Sleeping          |     1 |       |       ||     1
  Eat: Chunk             |     2 |    11 |    12 ||    25
       Ration            |       |       |     2 ||     2
Armor: Robe              |    13 |    24 |       ||    37
       Scale mail        |       |    62 |   185 ||   247
       Skin              |       |       |    11 ||    11
Dodge: Dodged            |   107 |   243 |   263 ||   613
Block: Buckler           |       |    13 |   143 ||   156

Table legend:
 A = Spawn XP
 B = Non-spawn XP
 C = Spawn XP percentage of total XP
 D = Spawn monster count
 E = Non-spawn monster count
 F = Spawn count percentage of total count
 G = Total turns spent on level
                    A         B        C        D         E        F      G
               +---------+---------+-------+---------+---------+-------+---------
         Total |       0 |    4135 |   0.0 |       0 |     189 |   0.0 | 10113
               +---------+---------+-------+---------+---------+-------+---------
           D:1 |       0 |      21 |   0.0 |       0 |      14 |   0.0 |   973
           D:2 |       0 |     215 |   0.0 |       0 |      39 |   0.0 |  2497
           D:3 |       0 |     182 |   0.0 |       0 |      29 |   0.0 |   825
           D:4 |       0 |      87 |   0.0 |       0 |       9 |   0.0 |   473
           D:5 |       0 |     944 |   0.0 |       0 |      28 |   0.0 |  1269
           D:6 |       0 |     756 |   0.0 |       0 |      20 |   0.0 |   861
           D:7 |       0 |     467 |   0.0 |       0 |      10 |   0.0 |  1725
           D:8 |       0 |    1068 |   0.0 |       0 |      33 |   0.0 |  1301
           D:9 |       0 |     393 |   0.0 |       0 |       6 |   0.0 |    80
        Temple |       0 |       2 |   0.0 |       0 |       1 |   0.0 |   109
               +---------+---------+-------+---------+---------+-------+---------
